Cogmind - Beta 14 @@@ ROGUE MODE // 2024.12.25 @ 19:04:42 Player: PTS Result: Destroyed by Y-45 Defender with Beam Rifle Performance ------------- Evolutions (2) 1000 Regions Visited (3) 600 Robots Destroyed (3) 15 Value Destroyed (76) 76 Prototype IDs (0) 0 Alien Tech Used (0) 0 Bonus (0) 0 TOTAL SCORE: 1691 Bonus ------- None Cogmind --------- Core Integrity 0/550 Matter 175/300 Energy 100/100 System Corruption 0% Temperature Cool (9) Movement Core (50) Location -8/Materials Parts ------- > --- POWER (2) -------- (None) > --- PROPULSION (3) --- (None) > --- UTILITY (4) ------ (None) > --- WEAPON (2) ------- (None) > --- INVENTORY (5) ---- Cooling System Field Recycling Unit (0) Heavy EM Pulse Gun Peak State ------------ > --- POWER ------------ Ion Engine Light Ion Engine > --- PROPULSION ------- Wheel Wheel Compact Wheel > --- UTILITY ---------- High-capacity Storage Unit Signal Interpreter > --- WEAPON ----------- Heavy EM Pulse Gun Grenade Launcher > --- INVENTORY -------- Heat Sink EM Pulse Gun Medium Laser Assault Rifle Mining Claw [Rating: 10] Favorites ----------- Power Ion Engine Engine Ion Engine Propulsion Wheel Wheel Wheel Hover Unit Hover Unit Utility Signal Interpreter Device Heat Sink Storage High-capacity Storage Unit Processor Signal Interpreter Weapon EM Pulse Gun Energy Gun EM Pulse Gun Ballistic Gun Assault Rifle Launcher Grenade Launcher Slashing Weapon Mining Claw Build | -11 -10 -9 -8 ------- Run | Yrd Mat Mat Mat Slots Evolved 4 | . . 2 2 Power 1 | . . 1 . Propulsion 1 | . . 1 . Utility 2 | . . . 2 Weapon . | . . . . Parts Attached 30 | 7 3 14 6 Power 6 | 2 . 1 3 Engine 6 | 2 . 1 3 Core . | . . . . Reactor . | . . . . Propulsion 5 | 2 . 3 . Treads . | . . . . Leg . | . . . . Wheel 3 | 2 . 1 . Hover 2 | . . 2 . Flight . | . . . . Utility 6 | 1 1 2 2 Device 4 | 1 . 1 2 Storage 1 | . . 1 . Processor 1 | . 1 . . Hackware . | . . . . Protection . | . . . . Artifact . | . . . . Weapon 13 | 2 2 8 1 Energy Gun 5 | 1 1 3 . Energy Cannon . | . . . . Ballistic Gun 3 | 1 . 2 . Ballistic Cannon . | . . . . Launcher 3 | . . 2 1 Special Weapon . | . . . . Impact Weapon . | . . . . Slashing Weapon 2 | . 1 1 . Piercing Weapon . | . . . . Special Melee Weapon . | . . . . Unidentified Prototypes . | . . . . Parts Lost 8 | . . . 8 Power 2 | . . . 2 Propulsion 2 | . . . 2 Utility 1 | . . . 1 Weapon 3 | . . . 3 Highest Loss Streak 6 | . . . 6 To Critical Strikes . | . . . . Average Slot Usage (%) 72 | . 92 86 42 Engine 13 | . 14 15 10 Wheel 16 | . 28 22 . Hover 6 | . . 6 12 Device 7 | . 14 4 3 Storage 1 | . . 4 . Processor 6 | . 6 11 3 Energy Gun 14 | . 24 14 6 Ballistic Gun 3 | . 2 2 6 Launcher 1 | . . 3 . Peak Build Rating 10 | 6 7 10 10 Average Rating 6 | 3 6 8 6 On Entrance 5 | . 6 7 7 Naked Turns 40 | . . . 40 Heaviest Build 51 | 10 10 51 13 Greatest Support 36 | 20 20 36 12 Greatest Overweight (x) 3 | . . 1 3 Average Overweight (x) . | . . . . Largest Inventory Capacity 20 | 5 5 20 5 Average Capacity 6 | 5 5 11 5 Most Carried 7 | 3 5 7 5 Average Carried 4 | 1 4 4 4 Final Capacity 5 | 5 5 5 5 Final Carried 5 | 2 5 4 3 Class Distribution -------------------- 100% | Mutant Dominant Class ---------------- Mutant | -10/Materials Mutant | -9/Materials Mutant | -8/Materials Resources | -11 -10 -9 -8 ----------- Run | Yrd Mat Mat Mat Matter Collected 363 | 266 4 20 73 Remotely . | . . . . Salvage Created 152 | 47 12 20 73 Parts 5 | 3 . 2 . Haulers Intercepted . | . . . . Recyclers Shooed . | . . . . Parts Field Recycled 2 | . . 2 . Retrieved Matter 20 | . . 20 . Parts Self-Destructed . | . . . . Prevented . | . . . . Kills | -11 -10 -9 -8 ------- Run | Yrd Mat Mat Mat Combat Hostiles Destroyed 1 | 1 . . . Guns 1 | 1 . . . Classes Destroyed 2 | 1 1 . . Operator 2 | . 1 1 . Grunt 1 | 1 . . . Best Kill Streak 1 | 1 1 1 . Combat Bots Only 1 | 1 . . . Max Kills in Single Turn 1 | 1 1 1 . Gunslinging . | . . . . Exploded . | . . . . Melee . | . . . . Uniques/NPCs Destroyed . | . . . . Combat | -11 -10 -9 -8 -------- Run | Yrd Mat Mat Mat Hostile Shots Fired 95 | 2 . . 93 Missed 31 | 1 . . 30 Damage Taken 1069 | 10 15 . 1044 Core 561 | . . . 561 Absorbed by Shields . | . . . . Core Remaining (%) 100 | 100 100 100 . Volleys Fired 11 | 2 1 3 5 Largest 2 | 2 2 1 2 Hottest 80 | 60 80 45 70 Shots Fired 18 | 4 2 3 9 Gun 15 | 4 2 1 8 Cannon . | . . . . Launcher 3 | . . 2 1 Special . | . . . . Kinetic 6 | 2 . . 4 Thermal 5 | . 1 . 4 Explosive 3 | . . 2 1 Electromagnetic 4 | 2 1 1 . Robot Hit Streak 8 | 2 3 1 8 Robot Miss Streak 1 | 1 1 . . Penetration Max . | . . . . Secondary Targets . | . . . . Shots Hit Robots 11 | 2 1 1 7 Core Hits 9 | 2 1 1 5 Critical Kills . | . . . . Critical Parts Destroyed . | . . . . Critical Strikes 1 | . . . 1 Burn 1 | . . . 1 Melee Attacks 2 | . 2 . . Impact . | . . . . Slashing 2 | . 2 . . Piercing . | . . . . Sneak Attacks . | . . . . Combat Hostiles . | . . . . Follow-up Attacks . | . . . . Damage Inflicted 261 | 24 53 19 165 Guns 150 | 24 18 19 89 Cannons . | . . . . Explosions 111 | . 35 . 76 Melee . | . . . . Ramming . | . . . . Kinetic 51 | 11 . . 40 Thermal 84 | . 35 . 49 Explosive 76 | . . . 76 Electromagnetic 50 | 13 18 19 . Impact . | . . . . Slashing . | . . . . Piercing . | . . . . Highest Corruption . | . . . . Average Corruption . | . . . . Corruption Purged . | . . . . Corruption Blocked . | . . . . Overload Shots . | . . . . Overflow Damage . | . . . . Projectiles . | . . . . Explosions . | . . . . Melee . | . . . . Knockbacks . | . . . . Impact . | . . . . Kinetic . | . . . . Secondary . | . . . . Self-Inflicted Damage 15 | . 15 . . Shots 1 | . 1 . . Rammed . | . . . . Targets Rammed . | . . . . Kicked . | . . . . Crushed . | . . . . Highest Temperature 29 | 6 8 10 29 Average Temperature 9 | 6 6 7 10 Received Heat Transfer 429 | 6 . . 423 Siege Activations . | . . . . Robots Corrupted . | . . . . Combat Hostiles . | . . . . Parts Fried . | . . . . Impact Corruptions . | . . . . Robots Melted . | . . . . Combat Hostiles . | . . . . Parts Melted . | . . . . Heat Transferred 272 | . 50 . 222 Parts Sabotaged . | . . . . Parts Stolen . | . . . . Parts Stripped . | . . . . Power Chain Reactions 1 | . 1 . . Alert | -11 -10 -9 -8 ------- Run | Yrd Mat Mat Mat Peak Influence 132 | 20 36 55 132 Initial 22 | . 13 14 22 Average 40 | 4 25 30 75 Maximum Alert Level . | . . . . Low Security (%) 100 | 100 100 100 100 Level 1 . | . . . . Level 2 . | . . . . Level 3 . | . . . . Level 4 . | . . . . Level 5 . | . . . . High Security . | . . . . Max Security . | . . . . Squads Dispatched 1 | . . . 1 Investigation . | . . . . Extermination . | . . . . Reinforcement 1 | . . . 1 Assault . | . . . . Garrison . | . . . . Intercept . | . . . . Searches Triggered . | . . . . Construction Impeded . | . . . . Haulers Reinforced . | . . . . Active Scanning Responses . | . . . . Cargo Convoy Interrupts . | . . . . Stealth | -11 -10 -9 -8 --------- Run | Yrd Mat Mat Mat Distress Signals 1 | . . . 1 Communications Jammed . | . . . . Distress Signals . | . . . . Times Spotted 17 | 1 1 1 14 Peak Tracking Total 8 | 1 1 1 8 Tactical Retreats 5 | . . . 5 Traps | -11 -10 -9 -8 ------- Run | Yrd Mat Mat Mat Traps Triggered . | . . . . Indirectly . | . . . . Trap Hack Attempts . | . . . . Triggered . | . . . . Disarmed . | . . . . Reprogrammed . | . . . . Reused . | . . . . Traps Extracted . | . . . . Installed . | . . . . Triggered . | . . . . Machines | -11 -10 -9 -8 ---------- Run | Yrd Mat Mat Mat Machines Disabled 1 | . . 1 . Max in Single Turn 1 | . . 1 . Machines Repaired . | . . . . Machines Dismantled . | . . . . Machines Sabotaged . | . . . . Overloaded Fab Kills . | . . . . Hacking | -11 -10 -9 -8 --------- Run | Yrd Mat Mat Mat Machines Accessed 5 | . 2 1 2 Terminals 4 | . 2 1 1 Fabricators . | . . . . Repair Stations . | . . . . Recycling Units 1 | . . . 1 Scanalyzers . | . . . . Garrison Access . | . . . . Total Hacks 10 | . 4 2 4 Successful 5 | . 2 1 2 Failed 5 | . 2 1 2 Catastrophic . | . . . . Database Lockouts . | . . . . Manual . | . . . . Terminals 9 | . 4 2 3 Fabricators . | . . . . Repair Stations . | . . . . Recycling Units 1 | . . . 1 Scanalyzers . | . . . . Garrison Access . | . . . . Terminal Hacks 5 | . 2 1 2 Record 2 | . . . 2 Alert Level 1 | . 1 . . Dispatch Records 1 | . 1 . . Zone Layout 1 | . . 1 . Fabricator Hacks . | . . . . Repair Station Hacks . | . . . . Recycling Unit Hacks . | . . . . Scanalyzer . | . . . . Garrison Access Hacks . | . . . . Unauthorized Hacks . | . . . . Terminals . | . . . . Fabricators . | . . . . Repair Stations . | . . . . Recycling Units . | . . . . Scanalyzers . | . . . . Garrison Access . | . . . . Data Cores Recovered 2 | . 1 1 . Used 1 | . . 1 . Hacking Detections 2 | . 2 . . Full Trace Events 1 | . 1 . . Feedback Events . | . . . . Feedback Blocked . | . . . . Robot Schematics Acquired . | . . . . Robots Built . | . . . . Authchips . | . . . . Time . | . . . . Total Robot Build Rating . | . . . . Part Schematics Acquired . | . . . . Parts Built . | . . . . Authchips . | . . . . Time . | . . . . Total Part Build Rating . | . . . . Parts Repaired . | . . . . Time . | . . . . Parts Recycled . | . . . . Recycled Matter . | . . . . Retrieved Matter . | . . . . Retrieved Components . | . . . . Parts Scanalyzed . | . . . . Part Schematics Acquired . | . . . . Parts Damaged . | . . . . Bothacking | -11 -10 -9 -8 ------------ Run | Yrd Mat Mat Mat Used RIF Installer . | . . . . Robots Hacked . | . . . . Non-combat . | . . . . Combat . | . . . . Robot Hacks Applied . | . . . . Relay Couplers Released . | . . . . Fabnet Peak Effective % . | . . . . Robots Rewired . | . . . . Allies Hacked . | . . . . Hacks Repelled . | . . . . Allies | -11 -10 -9 -8 -------- Run | Yrd Mat Mat Mat Total Allies . | . . . . Largest Group . | . . . . Highest-Rated Group . | . . . . Highest-Rated Ally . | . . . . Total Orders . | . . . . Ally Attacks . | . . . . Total Damage . | . . . . Kills . | . . . . Allies Corrupted . | . . . . Allies Melted . | . . . . Intel | -11 -10 -9 -8 ------- Run | Yrd Mat Mat Mat Robot Analysis Total . | . . . . Derelict Logs Recovered . | . . . . Drone Launches . | . . . . Drone Recoveries . | . . . . Exploration | -11 -10 -9 -8 ------------- Run | Yrd Mat Mat Mat Turns Passed 664 | 73 193 191 207 Spaces Moved 604 | 71 147 150 236 Core 75 | 17 . . 58 Treads . | . . . . Legs . | . . . . Wheels 304 | 54 147 103 . Hover 225 | . . 47 178 Flight . | . . . . Fastest Speed 50 | 50 80 56 50 Average Speed 73 | 72 80 90 59 Slowest Speed 200 | 80 80 116 200 Overloaded Moves . | . . . . Propulsion Burnouts . | . . . . Robots Hopped . | . . . . Cave-ins Triggered . | . . . . Exploration Rate (%) 17 | 8 25 18 20 Regions Visited 3 Branch Regions . Pre-discovered Areas . | . . . . Known Exits Taken 2 | . 1 1 . Unknown Exits Taken 1 | 1 . . . Scrap Searched . | . . . . Spaces Dug 10 | . . 10 . Terrain Destroyed 31 | . 2 21 8 Melee . | . . . . Projectile . | . . . . AOE 31 | . 2 21 8 Terrain Rammed . | . . . . Walls Destroyed . | . . . . Machines Disabled . | . . . . Actions | -11 -10 -9 -8 --------- Run | Yrd Mat Mat Mat Total 803 | 87 214 205 297 Wait 121 | . 59 21 41 Move 601 | 70 146 149 236 Hop . | . . . . Pick Up 20 | 8 3 6 3 Fast Attach 2 | . 1 . 1 Attach 19 | 6 . 9 4 Detach 6 | . . 5 1 Swap 9 | 1 2 5 1 Drop 12 | . . 7 5 Fire 11 | 2 1 3 5 Melee 2 | . 2 . . Ram . | . . . . Kick . | . . . . Crush . | . . . . Escape Stasis . | . . . . Rewire . | . . . . Trap . | . . . . Miscellaneous . | . . . . Route ------- -11/Scrapyard -10/Materials -9/Materials -8/Materials History --------- Turn | Location | Event 2 | -11/Scrapyard | Met Revision 17 49 | -11/Scrapyard | Discovered new exit (range 8) 74 | -11/Scrapyard | Entered Materials 261 | -10/Materials | Discovered new exit (range 8) 266 | -10/Materials | Identified exit to Materials 267 | -10/Materials | Entered another Materials area 267 | -9/Materials | Evolved 2 slots: Power x1, Propulsion x1 322 | -9/Materials | Build established: Mutant 406 | -9/Materials | Discovered new exit (range 15) 458 | -9/Materials | Identified exit to Materials 458 | -9/Materials | Entered another Materials area 458 | -8/Materials | Evolved 2 slots: Utility x2 643 | -8/Materials | Lost 6 parts (1p2n1u2w) 652 | -8/Materials | Core integrity fell below 50% 661 | -8/Materials | Core integrity fell below 20% 665 | -8/Materials | Destroyed by Y-45 Defender with Beam Rifle Last Messages --------------- U-05 Engineer builds a Door. Y-45 Defender suffers critical hit (Burn). K-01 Serf collects debris. Acquired Cooling System. Atomic Centrifuge disabled. The unstable cave ceiling collapses. Grenade Launcher destroyed. U-05 Engineer builds a Wall. Slug penetrates Wall. Deuterium Engine destroyed. M-13 Machinist repairs Y-45 Defender. Critical hit (Burn: +37). U-05 Engineer lays Concrete. U-05 Engineer builds a Wall. Slug penetrates Wall. U-05 Engineer lays Concrete. M-13 Machinist repairs G-47 Trooper. U-05 Engineer lays Concrete. Slug penetrates Wall. U-05 Engineer lays Concrete. Map ----- +----------------------------------------------------+ | ????????????????????########+#???# #???????????? | | ???????????????????????????# #???# #???????????? | | ???????????????????????????# #???# #???????????? | | ???????????????????????????# #???# #???????????? | | ???????????????????????????# #???# #???????????? | | ???????????????????????????# #???# ###########?? | | ???????????????????????????# #???# # #?? | | ???????????????????????????# #???# # #?? | | ?????????????????????##+#### ##### # "" #?? | | ???????????????????? # """"" #?? | | ???????????????????# / """"" *#?? | | ???????????????????# # """"" *#?? | | ???????????????????# ########### # """ / #?? | | ???????????????????# ??????????# # #?? | | ???????????????????# ??????????# ###########?? | | ???????????????????# ??????????# #???????????? | | ???????????????????# #?????????# #???????????? | | ???????????????????# #?????????# #???????????? | | ???????????????????# #?????????# #???????????? | | ???????????????????# ###???????# #???????????? | | ???????????????????# ###+##### #####???????? | | ???????????????????#! ? | | ???????????????????# ####### ?? | | ???????????????????# #???????????##? | | ???????????????????# u####### #?????????????? | | ?????????????????#####+##@ ##??# #?????????????? | | ?????????????????# lgg##??# #?????????????? | | ?????????????????# Yu #??# #?????????????? | | ?????????????????# m #??# #?????????????? | | ?????????????????# #??# #?????????????? | | ?????????????????# ##??# #?????????????? | | ?????????????????# """ " " #???# #?????????????? | | ?????????????????# """ """ #???# #?????????????? | | ?????????????????# """ """ #???# #?????????????? | | ?????????????????############### #?????????????? | | ??????????????????????# # #?????????????? | | ??????????????????????# """"" # #?????????????? | | ??????????????????????# """"" # #?????????????? | | ??????????????????????# """"" + % #?????????????? | | ??????????????????????# # #?????????????? | | ??????????????????????#"" # #?????????????? | | ??????????????????????#"Y * # #?????????????? | | ??????????????????????#"" # #?????????????? | | ??????????????????????# # #?????????????? | | ??????????????????????########## #?????????????? | | ???????????????????????????????# #?????????????? | | ???????????????????????????????# #?????????????? | | ???????????????????????????????# #?????????????? | | ???????????????????????????????# #?????????????? | | ???????????????????????????????# #?????????????? | +----------------------------------------------------+ Best States ------------- Heat Dissipation 38 Energy Generation 23 Energy Capacity 315 Matter Stores 300 Matter Capacity 300 Sight Range 16 Terrain Scan Density 10 Evasion (%) 53 Item Schematics ----------------- None Robot Schematics ------------------ None Fabricated ------------ Nothing Alien Tech Used ----------------- None Achievements -------------- Dynamic Key Challenges ------------ None Game ------ Seed ThiefStormImmobilizer Manual? 0 Play Time 00:14:06 Cumulative 1.4 hours Start 2024.12.25 @ 18:51:52 End 2024.12.25 @ 19:04:42 Sessions 1 Manual Loads 0 Difficulty Rogue Special Mode None Game No. 2 Rogue 2 Adventurer 0 Explorer 0 Win Type - Total 0 Types 0/0/0/0/0/0/0/0/0 Lore% 0 Gallery% 5 Achievement% 7 Wizard Run 0 Options --------- Layout 1 ASCII 0 Keyboard 0 Movement Mouse Keybinds 0 Fullscreen 1 Font 24/Smallcaps Map View 50x35 Zoom Use 0% Tactical HUD 0 Map Filters NONE Filters NONE Steam 1 RUN: fb9152da-0882-4011-8288-3e66a43fd82c